 Dungeon Crawl Stone Soup version 0.25.1-9-gc5326a611f (webtiles) character file.

Game seed: 9762536821922018444

133 jondo1214 the Skirmisher (level 5, 0/47 HPs)
             Began as a Hill Orc Fighter on Sept 14, 2021.
             Slain by an ogre
             ... wielding a +0 giant club
              (8 damage)
             ... on level 4 of the Dungeon.
             The game lasted 00:06:12 (1907 turns).

jondo1214 the Skirmisher (Hill Orc Fighter)         Turns: 1907, Time: 00:06:12

Health: 0/47       AC: 11    Str: 20    XL:     5   Next: 16%
Magic:  5/5        EV:  3    Int:  8    God:
Gold:   98         SH: 10    Dex: 10    Spells: 4/4 levels left

rFire    . . .     SeeInvis .   a - +1 war axe
rCold    . . .     Gourm    .   c - +1 kite shield
rNeg     . . .     Faith    .   e - +0 plate armour
rPois    .         Spirit   .   (no helmet)
rElec    .         Reflect  .   (no cloak)
rCorr    .         Harm     .   (no gloves)
MR       .....                  (no boots)
Stlth    ..........             (no amulet)
HPRegen  0.15/turn              (no ring)
MPRegen  0.09/turn              (no ring)

@: no status effects
A: no striking features
a: no special abilities


You were on level 4 of the Dungeon.
You were hungry.

You visited 1 branch of the dungeon, and saw 4 of its levels.

You collected 98 gold pieces.

Inventory:

Hand Weapons
 a - a +1 war axe (weapon)
Missiles
 o - 22 poisoned darts (quivered)
Armour
 c - a +1 kite shield (worn)
 e - a +0 plate armour (worn)
Wands
 l - a wand of paralysis (8)
 m - a wand of iceblast (11)
Scrolls
 b - 2 scrolls of teleportation
 g - a scroll of identify
 n - 2 scrolls of remove curse
Potions
 d - a potion of might
 i - 3 potions of curing
 j - 2 potions of lignification {unknown}
 k - a potion of degeneration {unknown}
Comestibles
 f - 6 rations


   Skills:
 * Level 4.8 Fighting
 * Level 4.7 Axes
 * Level 3.7 Armour
 + Level 0.2 Dodging
 * Level 4.0 Shields


You had 4 spell levels left.
You didn't know any spells.
Your spell library was empty.

Dungeon Overview and Level Annotations

Branches:
Dungeon (4/15)
 Temple: D:4-7

Altars:
Dithmenos
Elyvilon
Hepliaklqana
Qazlal
Vehumet


Message History

A leopard gecko comes into view.
The leopard gecko hisses angrily.
You slash the leopard gecko!
You kill the leopard gecko!
You are feeling hungry.
An ogre comes into view. It is wielding a +0 giant club.
You see here a scroll of identify.
g - a scroll of identify The ogre hits you with a +0 giant club!
You slash the ogre!
The ogre is moderately wounded.
The ogre hits you with a +0 giant club!
You hit the ogre.
The ogre is moderately wounded.
The ogre hits you with a +0 giant club!
* * * LOW HITPOINT WARNING * * *
Your shield and plate armour prevent you from hitting the ogre.
The ogre is moderately wounded.
The ogre hits you with a +0 giant club!
You die...

#..####.########.###
#....##.##.....#....
#.##.##.##..#..#####
#.......##.###.#
##.....###<.#..#####
#.#.#.# #..........
#...#.# ######..###
#.###.########.^#..
#.@...#.........#.#
#.#O####.#####...#.#
..###. #............
#.# #.....#........#
## ..#.....#.#####
.#....[..#
.#.....>.# ####...##
#...


You could see an ogre.

Vanquished Creatures
  7 adders
  An adder zombie (D:2)
  A worm (D:3)
  2 dart slugs
  2 leopard geckos
  6 orcs
  2 ball pythons
  A bat skeleton (D:2)
  A goblin (D:2)
  8 hobgoblins
  3 jackals (D:1)
  7 kobolds
  A ball python skeleton (D:2)
  5 bats
  3 frilled lizards (D:1)
  A jackal zombie (D:2)
  A leopard gecko zombie (D:2)
  7 rats
59 creatures vanquished.

Notes
Turn   | Place    | Note
-------+----------+-------------------------------------------
     0 | D:1      | jondo1214 the Hill Orc Fighter began the quest for the Orb.
     0 | D:1      | Reached XP level 1. HP: 19/19 MP: 1/1
   106 | D:1      | Reached XP level 2. HP: 26/27 MP: 2/2
   421 | D:1      | Reached XP level 3. HP: 30/33 MP: 3/3
   504 | D:2      | Found a shadowy altar of Dithmenos.
   661 | D:2      | Found a radiant altar of Vehumet.
   663 | D:2      | Found a white marble altar of Elyvilon.
   667 | D:2      | Found a hazy altar of Hepliaklqana.
   721 | D:2      | Reached XP level 4. HP: 41/41 MP: 4/4
  1414 | D:3      | Reached XP level 5. HP: 47/47 MP: 5/5
  1441 | D:3      | Found a stormy altar of Qazlal.
  1901 | D:4      | Noticed an ogre
  1907 | D:4      | Slain by an ogre

Illustrated notes

Levels and vault maps discovered:
D:1:      dpeg_arrival_pond, layout_basic
D:2:      layout_rooms, minitemple, serial_undead, serial_undead_d,
          serial_undead_c, serial_undead_f, serial_undead_d, serial_undead_b,
          nicolae_dithmenos_shadow_blocks
D:3:      layout_rooms, old_standard_altar, first_ration
D:4:      layout_loops_cross, lemuel_doored_altar, old_standard_altar,
          temple_pool_b

Skill      XL: |  1  2  3  4  5 |
---------------+----------------+-----
Axes           | 3 4 |  4.7
Fighting       | 4 |  4.8
Shields        | 4 |  4.0
Armour         | |  3.7
Dodging        | |  0.2

Action                   |  1- 3 |  4- 6 || total
-------------------------+-------+-------++-------
Melee: War axe           |    90 |    90 ||   180
  Use: Scroll            |     5 |     3 ||     8
  Eat: Chunk             |       |     3 ||     3
Armor: Scale mail        |    47 |       ||    47
       Chain mail        |     6 |    20 ||    26
       Plate armour      |       |    30 ||    30
Dodge: Dodged            |    36 |    17 ||    53
Block: Kite shield       |    50 |    46 ||    96
